[Event "Titled Tuesday Blitz November 15 Late 2022"]
[White "Vlassov, Nikolai"]
[Black "Ardila, Oscar Humberto"]
[WhiteFideId "4103360"]
[BlackFideId "4404742"]
[WhiteElo "2324"]
[BlackElo "1959"]
[Result "1/2-1/2"]
[Round "08"]
[TimeControl "180+1"]
[Date "2022.11.16"]
[WhiteClock "0:00:03"]
[BlackClock "0:00:04"]

1. e4 e5 2. Bc4 Nf6 3. d3 Bc5 4. Nf3 Nc6 5. Bg5 h6 6. Bh4 d6 7. Nc3 g5 8. Bg3 Qe7 9. Nd2 Bg4 10. f3 Be6 11. h4 O-O-O 12. Nd5 Bxd5 13. exd5 Nb8 14. Qe2 Nh5 15. Bf2 Nf4 16. Qf1 Bxf2+ 17. Qxf2 b6 18. g3 Ng6 19. h5 Nf8 20. g4 Nfd7 21. Ne4 Kb7 22. Ng3 Qf6 23. Nf5 e4 24. fxe4 Qxb2 25. O-O Ne5 26. Ne3 Nbd7 27. a4 a5 28. Bb5 Qd4 29. Ra3 Qc5 30. Rb3 c6 31. dxc6+ Nxc6 32. c3 Qe5 33. Nd5 Nc5 34. Rb2 f6 35. Nxf6 Rhf8 36. d4 Qe6 37. dxc5 dxc5 38. Bxc6+ Kxc6 39. Qf3 Rd7 40. Rfb1 Qe5 41. Rxb6+ Kc7 42. Nd5+ Rxd5 43. Qxf8 Qg3+ 44. Kf1 Qh3+ 45. Ke1 Qh1+ 46. Qf1 Qh4+ 47. Qf2 Qh1+ 48. Ke2 Qxe4+ 49. Qe3 Qg2+ 50. Ke1 Qh1+ 51. Ke2 Qg2+ 52. Ke1 Qh1+ 53. Kf2 Qh2+ 54. Kf3 Qh3+ 55. Ke4 Qg2+ 56. Qf3 Re5+ 57. Kxe5 Qxf3 58. Rb7+ Kc8 59. Rb8+ Kc7 60. R1b7+ Kc6 61. Rb6+ Kc7 62. R8b7+ Kc8 63. Rb8+ Kc7 64. R8b7+ Kc8 65. Rb8+ Kc7 1/2-1/2


[Site "https://www.chess.com"]

[Event "Titled Tuesday Blitz November 15 Late 2022"]
[White "Winkels, Marcel"]
[Black "Szyszylo, Rafal"]
[WhiteFideId "1003887"]
[BlackFideId "1109626"]
[WhiteElo "1900"]
[BlackElo "1981"]
[Result "0-1"]
[Round "08"]
[TimeControl "180+1"]
[Date "2022.11.16"]
[WhiteClock "0:00:27"]
[BlackClock "0:00:28"]

1. e4 d6 2. d4 Nf6 3. Nc3 g6 4. Bg5 Bg7 5. Qd2 h6 6. Bh4 c6 7. f4 b5 8. e5 b4 9. Nce2 Nd5 10. O-O-O Qa5 11. Kb1 Be6 12. Nc1 Nd7 13. Nb3 Qb6 14. Nf3 a5 15. Bc4 a4 16. Bxd5 Bxd5 17. Nc1 b3 18. cxb3 axb3 19. a3 Be4+ 20. Nd3 Qb5 21. exd6 exd6 22. Rhe1 d5 23. Ne5 Nb6 24. Qb4 Qxb4 25. axb4 Bxe5 26. fxe5 Nc4 27. Rxe4 dxe4 28. Nc5 e3 29. Ne4 O-O 30. Rc1 Nd2+ 31. Nxd2 exd2 32. Rd1 Ra4 0-1


[Site "https://www.chess.com"]

[Event "Titled Tuesday Blitz November 15 Late 2022"]
[White "Yano, William Jorge Froes"]
[Black "Harish, Neeraj"]
[WhiteFideId "2112949"]
[BlackFideId "30958130"]
[WhiteElo "2122"]
[BlackElo "1815"]
[Result "0-1"]
[Round "08"]
[TimeControl "180+1"]
[Date "2022.11.16"]
[WhiteClock "0:01:10"]
[BlackClock "0:00:42"]

1. e4 c5 2. Nf3 d6 3. Bb5+ Bd7 4. Bxd7+ Qxd7 5. O-O Nc6 6. c3 e5 7. d4 cxd4 8. cxd4 exd4 9. Nxd4 Nf6 10. Re1 Be7 11. Nc3 O-O 12. Nf5 Rfe8 13. Bg5 h6 14. Bxf6 Bxf6 15. Qxd6 Qxd6 16. Nxd6 Red8 17. Rad1 b6 18. g3 Bd4 19. Kg2 Rxd6 20. Nb5 Rd7 21. b3 a6 22. Na3 Rad8 23. Nc4 b5 24. Na3 Bc5 25. Rxd7 Rxd7 26. Nc2 Rd2 27. Ne3 Rxa2 28. g4 Ne5 29. h3 Rxf2+ 30. Kxf2 Nd3+ 31. Ke2 Nxe1 32. Nf5 Nc2 33. Kd3 Nb4+ 34. Kc3 Nc6 35. Ng3 Kf8 36. Ne2 Ke7 37. Nf4 Bd4+ 38. Kd3 Be5 39. Nd5+ Kd6 40. b4 a5 41. bxa5 Nxa5 42. h4 Nc6 43. g5 hxg5 44. hxg5 Kc5 45. Ne3 b4 46. Nf5 b3 47. Ne3 Kb4 48. Nd5+ Ka3 49. Nb6 b2 50. Kc2 Ka2 51. Nc4 b1=Q+ 0-1


[Site "https://www.chess.com"]

[Event "Titled Tuesday Blitz November 15 Late 2022"]
[White "Yoo, Christopher Woojin"]
[Black "Sabuk, Piotr"]
[WhiteFideId "30909694"]
[BlackFideId "1137565"]
[WhiteElo "2463"]
[BlackElo "2326"]
[Result "1-0"]
[Round "08"]
[TimeControl "180+1"]
[Date "2022.11.15"]
[WhiteClock "0:00:27"]
[BlackClock "0:00:02"]

1. b3 e5 2. Bb2 Nc6 3. e3 Nf6 4. Bb5 Bd6 5. Na3 Na5 6. Be2 a6 7. c4 Qe7 8. Nc2 b5 9. cxb5 axb5 10. Bxb5 O-O 11. Nf3 c5 12. d3 Ba6 13. Bxa6 Rxa6 14. O-O Bc7 15. e4 Nc6 16. Ne3 Nd4 17. Bxd4 exd4 18. Nf5 Qe6 19. Ng5 Qe8 20. Qc2 h6 21. Qxc5 Bxh2+ 22. Kxh2 hxg5 23. Qxd4 d6 24. Rfc1 Qe6 25. Rc7 g6 26. Re7 Ng4+ 27. Kg1 Qf6 28. Qxf6 Nxf6 29. Ne3 Rb8 30. Nc2 Rc6 31. Nd4 Rc3 32. Rd1 Ra8 33. a4 Ng4 34. Rb7 Ne5 35. Kf1 Rxd3 36. Rxd3 Nxd3 37. Rb5 Nc5 38. f3 Kg7 39. a5 Nd3 40. Nc6 Kf6 41. Rb6 Ne5 42. b4 Nxc6 43. Rxc6 Ke5 44. a6 f5 45. b5 fxe4 46. fxe4 Kxe4 47. Rxd6 Kf5 48. Ke2 g4 49. Kd3 g3 50. Kc4 Kf4 51. b6 Rxa6 52. b7 Rxd6 53. b8=Q 1-0


[Site "https://www.chess.com"]

[Event "Titled Tuesday Blitz November 15 Late 2022"]
[White "Yuan, Qingyu"]
[Black "Terry, Renato"]
[WhiteFideId "8609772"]
[BlackFideId "3803457"]
[WhiteElo "2359"]
[BlackElo "2577"]
[Result "0-1"]
[Round "08"]
[TimeControl "180+1"]
[Date "2022.11.15"]
[WhiteClock "0:00:01"]
[BlackClock "0:01:35"]

1. e4 e6 2. d4 d5 3. exd5 exd5 4. Bd3 Nc6 5. c3 Bd6 6. Qf3 Nce7 7. Bf4 Nf6 8. h3 Ng6 9. Bxd6 Qxd6 10. Ne2 O-O 11. O-O Re8 12. Nd2 Bd7 13. Rfe1 Re7 14. Qg3 Qb6 15. Nb3 Rae8 16. Kf1 Bb5 17. Nc5 Ne4 18. Bxe4 dxe4 19. Qe3 Qd6 20. Kg1 b6 21. Nb3 f5 22. Qg5 Bxe2 23. Rxe2 Rf7 24. Rae1 Nf4 25. Re3 Re6 26. Rg3 h6 27. Qh4 g5 28. d5 Rg6 29. Rxg5 Rxg5 30. g3 Ng6 31. Qxh6 Qf6 0-1


[Site "https://www.chess.com"]

[Event "Titled Tuesday Blitz November 15 Late 2022"]
[White "Yurovskykh, Oleksandr"]
[Black "Gasparyan, David"]
[WhiteFideId "14134020"]
[BlackFideId "13311980"]
[WhiteElo "2265"]
[BlackElo "2326"]
[Result "1/2-1/2"]
[Round "08"]
[TimeControl "180+1"]
[Date "2022.11.16"]
[WhiteClock "0:00:08"]
[BlackClock "0:00:23"]

1. d4 d6 2. Nf3 Nd7 3. e4 c5 4. d5 g6 5. Be2 Bg7 6. O-O Ngf6 7. Nc3 O-O 8. h3 a6 9. a4 Rb8 10. Bf4 b5 11. axb5 axb5 12. e5 Nh5 13. Bh2 b4 14. Ne4 dxe5 15. Nfd2 Nf4 16. Nc4 Bb7 17. Re1 Nxd5 18. Bf1 Nf4 19. Qd2 Ne6 20. Rad1 Nf6 21. Nxf6+ exf6 22. Qe3 Qe7 23. c3 bxc3 24. bxc3 Rfd8 25. Kh1 Qc7 26. f3 Nf4 27. Bg1 Rxd1 28. Rxd1 Nd5 29. Qe1 f5 30. Rb1 Re8 31. Qd2 Nf4 32. Be3 Nh5 33. Kg1 e4 34. f4 Bh6 35. Rxb7 Qxb7 36. Nd6 Qd7 37. Nxe8 Qxe8 38. g4 fxg4 39. hxg4 Nf6 40. g5 Ng4 41. gxh6 Nxh6 42. Bc4 Nf5 43. Bxc5 e3 44. Qd5 e2 45. Qxf7+ Qxf7 46. Bxf7+ Kxf7 47. Kf2 Ke6 48. Kxe2 Kd5 49. Bf2 Kc4 50. Kf3 Kxc3 51. Ke4 Kd2 52. Ke5 Ke2 53. Bb6 Ne7 54. Bc7 Ng8 55. Ke6 Kf3 56. Kf7 Nh6+ 57. Kg7 Nf5+ 58. Kxh7 Ne7 59. Bd6 Nf5 60. Bb8 Nh4 61. Kh6 Kg4 62. Bc7 Kf5 63. Kg7 Nf3 64. Kf7 Nd4 65. Bb8 Ne6 66. Bd6 Nd8+ 67. Kg7 Nb7 68. Bc7 Nc5 69. Kh7 Ne6 70. Bb8 Nd8 71. Bc7 Nf7 72. Kg7 Ng5 73. fxg5 Kxg5 74. Kf7 Kf5 75. Ke7 g5 76. Kd6 g4 77. Kd5 Kg5 78. Bg3 1/2-1/2


[Site "https://www.chess.com"]

[Event "Titled Tuesday Blitz November 15 Late 2022"]
[White "Zhalmakhanov, Ramazan"]
[Black "Tari, Aryan"]
[WhiteFideId "13706357"]
[BlackFideId "1510045"]
[WhiteElo "2405"]
[BlackElo "2612"]
[Result "0-1"]
[Round "08"]
[TimeControl "180+1"]
[Date "2022.11.15"]
[WhiteClock "0:00:02"]
[BlackClock "0:00:33"]

1. e4 c6 2. d4 d5 3. exd5 cxd5 4. Bd3 Nf6 5. c3 Bg4 6. Qb3 Qc7 7. h3 Bh5 8. Ne2 e6 9. Bf4 Qc8 10. Nd2 Nc6 11. O-O Be7 12. Rfe1 O-O 13. a4 a6 14. Bg5 Bg6 15. Nf4 Bxd3 16. Nxd3 Nd7 17. Bf4 Na5 18. Qd1 b5 19. Re3 Kh8 20. Rg3 Nc4 21. Nf3 f6 22. Qe2 Qc6 23. Re1 bxa4 24. Qxe6 Qxe6 25. Rxe6 Rfe8 26. Nd2 Ndb6 27. Kf1 Bf8 28. Rxe8 Rxe8 29. Nc5 Nxb2 30. Re3 Rxe3 31. Bxe3 a3 32. Ndb3 N6a4 0-1


[Site "https://www.chess.com"]

[Event "Titled Tuesday Blitz November 15 Late 2022"]
[White "Zhou, Qiyu"]
[Black "Thiel, Thomas"]
[WhiteFideId "505161"]
[BlackFideId "4615964"]
[WhiteElo "2101"]
[BlackElo "2227"]
[Result "0-1"]
[Round "08"]
[TimeControl "180+1"]
[Date "2022.11.16"]
[WhiteClock "0:00:11"]
[BlackClock "0:00:41"]

1. b4 d5 2. d4 Qd6 3. c3 Qg6 4. Nf3 Nd7 5. e3 e6 6. Nbd2 Bd6 7. Nb3 Ne7 8. Qd3 c6 9. Bd2 e5 10. Qxg6 hxg6 11. h3 e4 12. Nh2 g5 13. Rc1 Nb6 14. Na5 g4 15. c4 dxc4 16. Nxc4 Nxc4 17. Bxc4 gxh3 18. g3 g5 19. Bc3 Rh6 20. Kd2 g4 21. Be2 f5 22. a4 Nd5 23. Rb1 Nxc3 24. Kxc3 Bd7 25. Nf1 a5 26. b5 cxb5 27. axb5 Bb4+ 28. Kb2 Be6 29. Rd1 a4 30. d5 Bd7 31. Bc4 Rc8 32. Ba2 Bxb5 33. Nd2 Be2 34. Rc1 Rxc1 35. Kxc1 h2 0-1


[Site "https://www.chess.com"]

[Event "Titled Tuesday Blitz November 15 Late 2022"]
[White "Zwirs, Nico"]
[Black "Steinberg, Nitzan"]
[WhiteFideId "1036432"]
[BlackFideId "2801795"]
[WhiteElo "2381"]
[BlackElo "2491"]
[Result "0-1"]
[Round "08"]
[TimeControl "180+1"]
[Date "2022.11.15"]
[WhiteClock "0:00:03"]
[BlackClock "0:00:12"]

1. e4 c5 2. Nf3 e6 3. d4 cxd4 4. Nxd4 Nc6 5. Nc3 Qc7 6. Be3 a6 7. Qd2 Nf6 8. f4 Bb4 9. Bd3 b5 10. a4 bxa4 11. Rxa4 Rb8 12. O-O O-O 13. e5 Ng4 14. Nb3 Nxe3 15. Qxe3 d5 16. Ne2 a5 17. Kh1 Bd7 18. Raa1 g6 19. h4 Be7 20. h5 Rfc8 21. Qg3 Be8 22. Qg4 a4 23. Nbd4 Nxd4 24. Nxd4 Rb4 25. Nf3 Rxb2 26. Ng5 Rb4 27. Rae1 a3 28. hxg6 hxg6 29. Rf3 a2 30. Rh3 Qxe5 31. Rxe5 a1=Q+ 32. Re1 Qxe1+ 33. Kh2 Qe5 34. Qh4 Qxf4+ 35. Qxf4 Rxf4 0-1


[Site "https://www.chess.com"]

[Event "Titled Tuesday Blitz November 15 Late 2022"]
[White "chess50years"]
[Black "Romero Ruscalleda, Josep"]
[BlackFideId "2231859"]
[WhiteElo "2139"]
[BlackElo "2183"]
[Result "0-1"]
[Round "08"]
[TimeControl "180+1"]
[Date "2022.11.16"]
[WhiteClock "0:00:22"]
[BlackClock "0:00:14"]

1. d4 g6 2. c4 Bg7 3. Nc3 d6 4. Nf3 Nf6 5. e4 O-O 6. h3 Nc6 7. d5 Ne5 8. Nxe5 dxe5 9. Bd3 e6 10. O-O exd5 11. cxd5 c6 12. dxc6 bxc6 13. Qe2 Be6 14. Be3 Qc7 15. Bc4 Rfe8 16. Rfd1 Rab8 17. b3 Qa5 18. Rac1 Rb4 19. Bxe6 Rxe6 20. f3 Rb8 21. Na4 Nh5 22. Rc5 Qc7 23. Rdc1 Bf8 24. R5c4 f5 25. Nc5 Bxc5 26. Rxc5 Kg7 27. Qc2 f4 28. Bf2 Rc8 29. Qc3 Nf6 30. b4 Nd7 31. Rc4 Nb6 32. Rc5 Na4 33. Qb3 Nxc5 34. Bxc5 Ree8 35. Qc3 Qd7 36. a3 Rcd8 37. Kh2 Qd2 38. Qc4 Qb2 39. Rc2 Qb1 40. Rc1 Qd3 41. Bxa7 Qxc4 42. Rxc4 Ra8 43. Bb6 Rec8 44. Rc3 Ra6 45. Bc5 Kf6 46. Kg1 Ke6 47. Kf2 Rd8 48. Ke2 Rd7 49. h4 Rd8 50. Ke1 Rda8 51. Rd3 Rxa3 52. Rd6+ Kf7 53. Rxc6 Ra1+ 54. Kd2 R8a3 55. b5 R1a2+ 56. Kc1 Rc3+ 57. Kb1 Rac2 58. Rc7+ Ke6 59. Re7+ Kf6 60. b6 Rxc5 0-1


[Site "https://www.chess.com"]

[Event "Titled Tuesday Blitz November 15 Late 2022"]
[White "vjecspec"]
[Black "Taspinar, Yanki"]
[BlackFideId "34561188"]
[WhiteElo "2529"]
[BlackElo "2646"]
[Result "1-0"]
[Round "08"]
[TimeControl "180+1"]
[Date "2022.11.16"]
[WhiteClock "0:00:14"]
[BlackClock "0:00:12"]

1. e4 e6 2. Qe2 c5 3. g3 Nc6 4. c3 e5 5. Bg2 Nf6 6. Nf3 d6 7. O-O Be6 8. Rd1 Be7 9. h3 O-O 10. d4 cxd4 11. cxd4 exd4 12. Nxd4 Nxd4 13. Rxd4 Qc8 14. Nc3 Bxh3 15. Bf4 Bxg2 16. Kxg2 Qe6 17. Rad1 Rfd8 18. Bg5 h6 19. Bf4 a6 20. a3 Rac8 21. Qd3 Nh5 22. Bxd6 Qg4 23. Qf3 Qxf3+ 24. Kxf3 Kf8 25. e5 g6 26. Bxe7+ Kxe7 27. Nd5+ Ke8 28. g4 Ng7 29. Nf6+ Ke7 30. Rd7+ Rxd7 31. Rxd7+ Ke6 32. Rxb7 Kxe5 33. Rxf7 Ne6 34. Nd7+ Kd6 35. Nb6 Rb8 36. Nc4+ Kc5 37. Rf6 Ng5+ 38. Kg2 Kxc4 39. Rxg6 a5 40. Rxh6 Ne4 41. b4 a4 42. Re6 Nc3 43. Re3 Nd5 44. Rf3 Rg8 45. Kg3 Kd4 46. Rf7 Ke5 47. Rf5+ Ke4 48. f3+ Kd4 49. Rf7 Ke5 50. b5 Ke6 51. Ra7 Nc3 52. Rc7 Nxb5 53. Rc4 Ra8 54. g5 Nd6 55. Rb4 Kf5 56. f4 Rc8 57. Rxa4 Rc3+ 58. Kf2 Ne4+ 59. Ke2 Kxf4 60. g6 Rg3 61. Ra6 Rg2+ 62. Kd3 Rd2+ 63. Kc4 Rg2 64. Kd4 Rd2+ 65. Kc4 Rc2+ 66. Kd4 Rg2 67. a4 Nd2 68. Kc3 Ne4+ 69. Kd4 Rg3 70. a5 Rg1 71. Rb6 Rd1+ 72. Kc4 Nd6+ 73. Kc5 Nf5 74. a6 Ra1 75. Kb5 Nd4+ 76. Kc5 Nf5 77. Kd5 Ra5+ 78. Ke6 Nd4+ 79. Kf7 Nf5 80. Rf6 Ke5 81. g7 Nxg7 82. Kxg7 Kd5 83. Kf7 Kc5 84. Rf5+ Kb6 85. Rxa5 Ka7 86. Ra4 Kb6 87. Ke6 Ka7 88. Kd5 Kb6 89. Kc4 Ka7 90. Kb5 Ka8 91. Rh4 Kb8 92. Rh7 Ka8 93. Kb6 Kb8 94. Rh8# 1-0


[Site "https://www.chess.com"]

[Event "Titled Tuesday Blitz November 15 Late 2022"]
[White "Aguilar, Juan"]
[Black "Yurovskykh, Oleksandr"]
[WhiteFideId "3800091"]
[BlackFideId "14134020"]
[WhiteElo "2463"]
[BlackElo "2265"]
[Result "1-0"]
[Round "09"]
[TimeControl "180+1"]
[Date "2022.11.16"]
[WhiteClock "0:01:08"]
[BlackClock "0:00:05"]

1. d4 Nf6 2. c4 e6 3. Nf3 Bb4+ 4. Nbd2 O-O 5. a3 Be7 6. e4 d5 7. cxd5 exd5 8. e5 Ne4 9. Bd3 Nxd2 10. Bxd2 c5 11. h4 h6 12. Bb1 Nc6 13. h5 f5 14. exf6 Bxf6 15. Qc2 Re8+ 16. Kf1 Nxd4 17. Qh7+ Kf8 18. Bg6 Be6 19. Bxe8 Qxe8 20. Nxd4 Bxd4 21. Re1 Qb5+ 22. Kg1 Qxb2 23. Rxe6 Qxd2 24. Kh2 Qf4+ 25. g3 Qf7 26. Rhe1 Qxh5+ 27. Kg2 Qf7 28. Qh8+ Qg8 29. Re8+ Rxe8 30. Rxe8+ Kxe8 31. Qxg8+ Ke7 32. Qxd5 1-0


[Site "https://www.chess.com"]

[Event "Titled Tuesday Blitz November 15 Late 2022"]
[White "Al-Tarboush, Ward"]
[Black "Kaufman, Raymond"]
[WhiteFideId "7601450"]
[BlackFideId "2015056"]
[WhiteElo "2273"]
[BlackElo "2321"]
[Result "1-0"]
[Round "09"]
[TimeControl "180+1"]
[Date "2022.11.16"]
[WhiteClock "0:02:03"]
[BlackClock "0:00:46"]

1. e4 c5 2. Nf3 Nc6 3. d4 cxd4 4. Nxd4 e5 5. Nb5 d6 6. c4 Be7 7. Be2 Nf6 8. f3 O-O 9. O-O a6 10. N5c3 Be6 11. Nd5 Nd4 12. Be3 Nxe2+ 13. Qxe2 Nxd5 14. cxd5 Bd7 15. Nc3 f5 16. a3 Bg5 17. Rac1 Bxe3+ 18. Qxe3 f4 19. Qd2 g5 20. Ne2 b5 21. Qb4 Qb6+ 22. Kh1 Rac8 23. Nc3 Rc4 24. Qb3 Rfc8 25. Ne2 Rxc1 26. Rxc1 Rxc1+ 27. Nxc1 Qf2 28. Qd1 Qxb2 29. h3 h5 30. Nd3 Qxa3 31. Qc2 Qa1+ 32. Kh2 Kf7 33. Qc7 Ke7 34. Nb4 Qe1 35. Nc6+ Kf8 36. Qxd6+ Kg8 37. Qg6+ Kf8 38. Qf6+ Kg8 39. Ne7+ 1-0


[Site "https://www.chess.com"]

[Event "Titled Tuesday Blitz November 15 Late 2022"]
[White "Andronescu, Madalin"]
[Black "Zhou, Qiyu"]
[WhiteFideId "1217275"]
[BlackFideId "505161"]
[WhiteElo "1946"]
[BlackElo "2101"]
[Result "1-0"]
[Round "09"]
[TimeControl "180+1"]
[Date "2022.11.16"]
[WhiteClock "0:00:27"]
[BlackClock "0:00:07"]

1. e4 d5 2. exd5 Qxd5 3. Nc3 Qd8 4. Nf3 Nf6 5. Bc4 e6 6. O-O Be7 7. d4 O-O 8. Bf4 a6 9. Qd2 b5 10. Bb3 Bb7 11. Ne5 Nc6 12. Rad1 Nb4 13. Rfe1 Nbd5 14. Nxd5 Nxd5 15. Bg3 Bg5 16. Qd3 Nf4 17. Bxf4 Bxf4 18. Qh3 Kh8 19. Qh5 Qg5 20. Qxg5 Bxg5 21. Nd7 Rfd8 22. Nc5 Bc6 23. c3 Rd6 24. Bc2 Bf6 25. g3 Rad8 26. Nxa6 Bf3 27. Nxc7 Bxd1 28. Rxd1 b4 29. Nb5 Rb6 30. c4 Ra6 31. a4 bxa3 32. bxa3 Rc8 33. Bb3 Be7 34. d5 Bxa3 35. d6 Rd8 36. Ra1 Rda8 37. Nxa3 Rxa3 38. Rxa3 Rxa3 39. d7 Ra8 40. c5 Kg8 41. c6 Kf8 42. c7 Ra1+ 43. Kg2 1-0


[Site "https://www.chess.com"]

[Event "Titled Tuesday Blitz November 15 Late 2022"]
[White "Annaberdiyev, Babageldi"]
[Black "Yuan, Qingyu"]
[WhiteFideId "14000385"]
[BlackFideId "8609772"]
[WhiteElo "2332"]
[BlackElo "2359"]
[Result "0-1"]
[Round "09"]
[TimeControl "180+1"]
[Date "2022.11.15"]
[WhiteClock "0:00:01"]
[BlackClock "0:00:08"]

1. e4 c6 2. d4 d5 3. Nd2 dxe4 4. Nxe4 Nf6 5. Nxf6+ exf6 6. Bc4 Bd6 7. Qe2+ Be7 8. Nf3 O-O 9. O-O Bd6 10. Re1 a5 11. a4 Na6 12. c3 Nc7 13. h3 Bf5 14. Bd2 Re8 15. Qf1 Qd7 16. Rxe8+ Rxe8 17. Re1 Be4 18. Bd3 Bxf3 19. gxf3 Rxe1 20. Bxe1 Nd5 21. Bd2 Bf4 22. c4 Bxd2 23. cxd5 Qxd5 24. Qe2 Qg5+ 25. Kf1 Bb4 26. Qe8+ Bf8 27. Bxh7+ Kxh7 28. Qxf8 Kg6 29. Qa3 Qd2 30. Qb3 Qxd4 31. Qxb7 Qxa4 32. Kg2 Qb5 33. Qd7 Qg5+ 34. Kh2 Qe5+ 35. Kg2 Qg5+ 36. Kh2 Qd5 37. Qg4+ Kh7 38. h4 g6 39. Kg2 Kg7 40. Qa4 Qb5 41. Qd4 Qb4 42. Qd7 Qxb2 43. Qxc6 Qe5 44. Qa6 Qh5 45. Kg3 Qe5+ 46. Kg2 Qc5 47. Qa8 Qb5 48. h5 Qxh5 49. f4 Qc5 50. Kg3 Qc3+ 51. f3 Qe1+ 52. Kh3 Qf1+ 53. Kg3 Qg1+ 54. Kh3 Qc5 55. Kg3 Qb5 56. Kh3 a4 57. Kg3 Qb4 58. f5 g5 59. Qa6 a3 60. Kh3 Qb3 61. Kg4 Qb4+ 62. Kg3 Qf4+ 63. Kg2 Qd2+ 64. Kg3 a2 65. f4 Qxf4+ 66. Kh3 Qf3+ 67. Kh2 Qf2+ 68. Kh3 Qh4+ 69. Kg2 Qg4+ 70. Kh2 Qf4+ 71. Kg2 Qe4+ 72. Kh2 Qe5+ 73. Kh3 Qc3+ 74. Kg4 Qd4+ 0-1


[Site "https://www.chess.com"]

[Event "Titled Tuesday Blitz November 15 Late 2022"]
[White "Arbunic Castro, Giovanna"]
[Black "Bogaudinov, Rushan"]
[WhiteFideId "3400549"]
[BlackFideId "4129288"]
[WhiteElo "1966"]
[BlackElo "1997"]
[Result "0-1"]
[Round "09"]
[TimeControl "180+1"]
[Date "2022.11.16"]
[WhiteClock "0:00:01"]
[BlackClock "0:00:14"]

1. e4 a6 2. d4 e6 3. c4 Nf6 4. Nc3 Bb4 5. e5 Ng8 6. Qg4 Kf8 7. Bd2 d6 8. O-O-O h5 9. Qg3 Nh6 10. Bd3 b5 11. a3 bxc4 12. Bxc4 Nf5 13. Qd3 Bxc3 14. Qxc3 Nd7 15. exd6 cxd6 16. d5 Nc5 17. dxe6 fxe6 18. f3 h4 19. Nh3 Qf6 20. Qb4 Bd7 21. Bf4 e5 22. Bg5 Qg6 23. f4 Rh5 24. fxe5 Rxg5 25. Nxg5 Qxg5+ 26. Kb1 Ne3 27. exd6 Nxd1 28. Rxd1 Bf5+ 29. Ka1 Rc8 30. Rf1 g6 31. d7 Rd8 32. Qxc5+ Qe7 33. Qd5 Qf6 34. Qg8+ Ke7 35. Re1+ Kd6 0-1


[Site "https://www.chess.com"]

[Event "Titled Tuesday Blitz November 15 Late 2022"]
[White "Ardila, Oscar Humberto"]
[Black "Thiel, Thomas"]
[WhiteFideId "4404742"]
[BlackFideId "4615964"]
[WhiteElo "1959"]
[BlackElo "2237"]
[Result "1-0"]
[Round "09"]
[TimeControl "180+1"]
[Date "2022.11.16"]
[WhiteClock "0:00:27"]
[BlackClock "0:00:14"]

1. d4 Nf6 2. c4 g6 3. Nc3 d5 4. e3 Bg7 5. Nf3 O-O 6. Be2 dxc4 7. Bxc4 c5 8. O-O cxd4 9. Nxd4 Bd7 10. h3 Nc6 11. Nf3 a6 12. Qe2 Qc7 13. Rd1 Rac8 14. Bb3 Rfd8 15. Bd2 Na5 16. Bc2 Qc4 17. Bd3 Qc7 18. Rac1 Qb8 19. b3 Bc6 20. Nd4 Be8 21. Ne4 Nc6 22. Nxc6 Bxc6 23. Ng5 h6 24. Nf3 Bxf3 25. gxf3 Qe5 26. Rxc8 Rxc8 27. e4 Nh5 28. Qe3 g5 29. Bf1 Nf4 30. Qb6 Qc7 31. Qxc7 Rxc7 32. Be3 Be5 33. a4 Rc3 34. b4 Rb3 35. b5 axb5 36. axb5 Ne6 37. Rd7 Rb1 38. Rxe7 Kf8 39. Rxb7 Bd4 40. Bxd4 Nxd4 41. Kg2 Rb3 42. Bc4 Rc3 43. Bxf7 Nxf3 44. Bd5 Nh4+ 45. Kf1 Rxh3 46. b6 Rh1+ 47. Ke2 Rb1 48. Rb8+ Ke7 49. b7 1-0


[Site "https://www.chess.com"]

[Event "Titled Tuesday Blitz November 15 Late 2022"]
[White "Artemenko, Oleg"]
[Black "Goroshkov, Maksym"]
[WhiteFideId "14201798"]
[BlackFideId "14142716"]
[WhiteElo "2287"]
[BlackElo "2257"]
[Result "0-1"]
[Round "09"]
[TimeControl "180+1"]
[Date "2022.11.15"]
[WhiteClock "0:00:35"]
[BlackClock "0:00:11"]

1. e4 e5 2. Nc3 Nf6 3. Nf3 Nc6 4. d4 exd4 5. Nxd4 d6 6. f3 Be7 7. Be3 O-O 8. Qd2 Be6 9. O-O-O Ne5 10. h4 h5 11. Qf2 c5 12. Nxe6 fxe6 13. Bxc5 Rc8 14. Bd4 Qa5 15. Qe2 Nc6 16. Be3 Nb4 17. a3 Rxc3 18. bxc3 Qxa3+ 19. Kd2 Rc8 20. Bd4 Qb2 21. cxb4 Rxc2+ 22. Ke3 Rxe2+ 23. Bxe2 Qb3+ 24. Bd3 e5 25. Bxa7 d5 26. Rc1 Qxb4 27. Rc8+ Kf7 28. Rhc1 dxe4 29. Bc4+ Kg6 30. g4 Qa3+ 31. Kd2 Bb4+ 32. Kc2 Qxa7 33. g5 Nd7 34. Be6 Nc5 35. Bd5 Qa4+ 36. Kb1 exf3 37. Rc7 Ba3 38. Rg1 Qb4+ 39. Kc2 Qb2+ 40. Kd1 Qd4+ 41. Kc2 Qxd5 42. Rd1 Qb3+ 43. Kd2 Qd3+ 44. Ke1 Qe2# 0-1


[Site "https://www.chess.com"]

[Event "Titled Tuesday Blitz November 15 Late 2022"]
[White "Averjanov, Alexey"]
[Black "Silva Lucena, Cristian"]
[WhiteFideId "14109867"]
[BlackFideId "2232588"]
[WhiteElo "2615"]
[BlackElo "2223"]
[Result "1-0"]
[Round "09"]
[TimeControl "180+1"]
[Date "2022.11.16"]
[WhiteClock "0:00:45"]
[BlackClock "0:00:01"]

1. d4 Nf6 2. c4 g6 3. Nc3 Bg7 4. e4 d6 5. Be2 O-O 6. Nf3 e5 7. O-O exd4 8. Nxd4 c6 9. f3 Re8 10. Nc2 Na6 11. Kh1 Be6 12. Bg5 h6 13. Bh4 Qc7 14. Qd2 Rad8 15. Rad1 Kh7 16. b3 d5 17. cxd5 cxd5 18. Bxf6 Bxf6 19. Nxd5 Bxd5 20. exd5 Bc3 21. Qd3 Nc5 22. Qxc3 Rxe2 23. Rfe1 Rxe1+ 24. Rxe1 Rxd5 25. Re8 Rd1+ 26. Ne1 f6 27. Qc4 h5 28. h4 b6 29. Qe2 1-0


[Site "https://www.chess.com"]

[Event "Titled Tuesday Blitz November 15 Late 2022"]
[White "Badelka, Olga"]
[Black "Arnold, Ken"]
[WhiteFideId "13509926"]
[BlackFideId "2056836"]
[WhiteElo "2337"]
[BlackElo "2361"]
[Result "1-0"]
[Round "09"]
[TimeControl "180+1"]
[Date "2022.11.16"]
[WhiteClock "0:01:32"]
[BlackClock "0:00:21"]

1. d4 Nf6 2. c4 e6 3. Nc3 d5 4. cxd5 exd5 5. Bg5 c6 6. e3 Bf5 7. Qf3 Bg6 8. Bxf6 gxf6 9. h4 h5 10. Nh3 Qb6 11. Qe2 Nd7 12. Nf4 Bh6 13. O-O-O Bxf4 14. exf4+ Kf8 15. g4 hxg4 16. Qxg4 f5 17. Qg5 Rh5 18. Qg3 Nf6 19. Be2 Rh7 20. h5 Bxh5 21. Bxh5 Rxh5 22. Rxh5 Nxh5 23. Qh4 1-0


[Site "https://www.chess.com"]

[Event "Titled Tuesday Blitz November 15 Late 2022"]
[White "Bashirli, Nail"]
[Black "Yoo, Christopher Woojin"]
[WhiteFideId "13406809"]
[BlackFideId "30909694"]
[WhiteElo "2318"]
[BlackElo "2463"]
[Result "0-1"]
[Round "09"]
[TimeControl "180+1"]
[Date "2022.11.15"]
[WhiteClock "0:01:24"]
[BlackClock "0:01:11"]

1. e4 c6 2. Nc3 d5 3. Nf3 Bg4 4. h3 Bh5 5. g4 Bg6 6. exd5 cxd5 7. Ne5 Nc6 8. Bb5 Rc8 9. d4 e6 10. h4 f6 11. Nxg6 hxg6 12. Be3 Bb4 13. Bd3 Nge7 14. h5 e5 15. a3 Ba5 16. Bb5 Bxc3+ 17. bxc3 Qa5 18. a4 Qxc3+ 19. Kf1 a6 20. Bd3 e4 21. Be2 Nd8 22. Rb1 Qxc2 23. Qe1 Qxa4 24. Rh3 Qd7 25. Kg2 Ne6 26. hxg6 Rxh3 27. Kxh3 Nxg6 28. Kh2 Qd6+ 29. Kg1 b5 30. f3 Ngf4 31. Bf1 Ng5 0-1


[Site "https://www.chess.com"]

[Event "Titled Tuesday Blitz November 15 Late 2022"]
[White "Bazzano, Sebastian"]
[Black "Burke, Paul"]
[WhiteFideId "104566"]
[BlackFideId "2605767"]
[WhiteElo "2255"]
[BlackElo "1813"]
[Result "1-0"]
[Round "09"]
[TimeControl "180+1"]
[Date "2022.11.16"]
[WhiteClock "0:00:58"]
[BlackClock "0:00:48"]

1. d4 a6 2. e4 d6 3. Nc3 g6 4. Bf4 Bg7 5. Qd2 h6 6. O-O-O Nd7 7. Nf3 e6 8. Kb1 Ne7 9. h4 b6 10. a3 Bb7 11. Bd3 Qb8 12. Rhe1 Qa7 13. Bc4 O-O-O 14. Ba2 Nf6 15. Qe2 d5 16. Ne5 Rhf8 17. f3 dxe4 18. fxe4 Nd7 19. Nf3 Nf6 20. Qe3 Ng4 21. Qe2 Nf6 22. Ne5 Nd7 23. Nxd7 Rxd7 24. Qe3 h5 25. Bh6 Bxh6 26. Qxh6 Qa8 27. Qxf8+ 1-0


[Site "https://www.chess.com"]